Map: Lightshade LE

Players

Cheater 1 (Resources)

  • Race: Zerg Zerg
  • Spawn Location: 11:00

Infernox - Winner!

  • Race: Terran Terran
  • Spawn Location: 5:00

VOD

Have the link to the VOD?

Description

Time

  • Played on: Nov. 7, 2020, 10:02 p.m.
  • Length: 13:16
Show
View Real Time Build Order
Export as new Build Order

Cheater 1 (Resources) Zerg 

Build Orders: Pool First 

Get SALT Encoding   

  12  0:00  Drone  
  13  0:12  Overlord  
  13  0:16  Drone  
  14  0:31  Drone x2  
  16  0:42  Spawning Pool  
  15  0:45  Drone  
  15  0:49  Drone  
  17  1:12  Hatchery  
  17  1:14  Drone  
  17  1:16  Extractor  
  16  1:19  Drone  
  16  1:22  Drone  
  18  1:28  Drone  
  19  1:38  Overlord  
  19  1:46  Queen  
  21  1:49  Drone  
  22  2:00  Zergling x2  
  23  2:11  Drone  
  24  2:18  Roach Warren  
  24  2:19  Extractor  
  24  2:21  Drone  
  24  2:22  Queen  
  25  2:23  Drone  
  26  2:32  Drone  
  26  2:36  Overlord  
  26  2:43  Zergling x2  
  27  2:45  Drone  
  28  2:52  Drone  
  28  2:53  Drone x2  
  28  2:55  Drone  
  32  2:59  Zergling x2  
  32  3:05  Zergling x2  
  34  3:06  Roach  
  36  3:16  Roach  
  36  3:17  Roach  
  40  3:25  Drone x2, Roach  
  44  3:29  Overlord  
  44  3:36  Lair  
  44  3:40  Metabolic Boost  
  44  3:47  Drone  
  44  3:48  Drone  
  46  3:50  Drone  
  46  3:53  Drone  
  46  3:55  Drone  
  49  3:56  Drone  
  49  3:59  Drone  
  51  4:03  Overlord  
  51  4:06  Drone  
  52  4:10  Drone, Evolution Chamber  
  52  4:14  Drone, Evolution Chamber  
  52  4:22  Drone x3  
  55  4:24  Drone  
  55  4:26  Drone  
  55  4:27  Drone  
  58  4:37  Infestation Pit, Zerg Missile Weapons Level 1, Overlord  
  57  4:39  Drone, Zerg Ground Armor Level 1  
  57  4:41  Overlord  
  57  4:44  Drone  
  57  4:45  Zergling x2  
  60  4:55  Roach, Zergling x4  
  60  4:56  Roach  
  60  4:58  Roach  
  70  5:00  Roach  
  70  5:03  Overlord  
  70  5:09  Drone, Hydralisk Den  
  70  5:10  Drone, Extractor  
  70  5:12  Drone  
  72  5:14  Extractor, Drone  
  72  5:15  Drone, Pathogen Glands  
  72  5:19  Drone x2  
  72  5:21  Overlord  
  74  5:33  Drone x2  
  76  5:36  Drone x2  
  76  5:37  Hydralisk x2, Drone  
  83  5:47  Overlord, Infestor  
  83  5:48  Roach, Evolution Chamber  
  83  5:49  Roach  
  88  5:56  Hatchery  
  87  5:58  Drone  
  87  5:59  Infestor  
  90  6:05  Baneling Nest  
  90  6:06  Overlord  
  90  6:07  Drone  
  90  6:14  Zerg Melee Weapons Level 1  
  91  6:18  Ravager  
  91  6:20  Roach  
  91  6:23  Spine Crawler  
  92  6:25  Spine Crawler  
  92  6:26  Drone, Ravager  
  92  6:28  Roach  
  92  6:30  Hydralisk  
  92  6:31  Overlord  
  97  6:34  Hydralisk  
  99  6:45  Infestor  
  101  6:48  Baneling  
  101  6:49  Baneling  
  101  6:50  Baneling  
  101  6:51  Baneling  
  101  6:53  Baneling  
  101  6:59  Baneling  
  101  7:01  Baneling  
  101  7:03  Baneling  
  101  7:04  Baneling, Zergling x2  
  101  7:05  Spore Crawler  
  101  7:06  Spore Crawler, Baneling  
  101  7:08  Drone x3, Zergling x2, Baneling  
  103  7:09  Drone x4  
  103  7:10  Drone x2, Overlord, Baneling  
  103  7:12  Overseer  
  103  7:14  Drone x3  
  113  7:16  Extractor  
  113  7:18  Drone x2  
  113  7:20  Extractor  
  113  7:24  Drone  
  113  7:26  Centrifical Hooks  
  113  7:28  Zergling x2, Overlord, Baneling x2  
  115  7:31  Baneling  
  115  7:32  Baneling  
  115  7:35  Zergling x2  
  116  7:39  Drone x2, Queen  
  116  7:41  Infestor  
  116  7:42  Drone x2  
  116  7:43  Drone x3  
  127  7:46  Drone  
  127  7:48  Hatchery  
  127  7:50  Overlord  
  121  7:51  Drone  
  121  7:55  Extractor  
  121  7:57  Zergling x2  
  114  8:01  Zergling x2  
  114  8:02  Drone  
  97  8:08  Roach  
  97  8:10  Hydralisk  
  97  8:11  Roach x2  
  97  8:12  Roach  
  104  8:13  Hydralisk, Drone, Infestor  
  104  8:14  Roach  
  110  8:20  Drone  
  110  8:22  Drone  
  110  8:24  Zergling x2  
  111  8:31  Zergling x2  
  111  8:33  Roach  
  102  8:35  Roach, Overseer  
  104  8:41  Queen  
  104  8:42  Hydralisk  
  104  8:43  Spine Crawler, Roach x2  
  104  8:44  Roach  
  104  8:46  Infestor  
  104  8:47  Roach x2  
  113  8:53  Zergling x2  
  113  8:55  Roach  
  113  8:57  Roach  
  113  9:00  Queen, Zergling x2  
  103  9:03  Hydralisk  
  103  9:05  Drone  
  103  9:06  Extractor  
  103  9:08  Drone  
  106  9:10  Extractor, Ravager, Drone x2  
  106  9:11  Drone, Roach, Ravager  
  106  9:16  Drone, Zergling x2  
  114  9:17  Roach, Infestor  
  114  9:18  Spine Crawler, Roach  
  114  9:20  Drone, Zerg Missile Weapons Level 2  
  114  9:21  Spine Crawler, Overlord  
  114  9:23  Overseer  
  116  9:26  Zergling x2  
  116  9:27  Drone  
  116  9:30  Drone  
  108  9:32  Roach  
  108  9:33  Extractor  
  108  9:37  Roach x2  
  109  9:39  Drone, Roach, Zergling x2  
  109  9:41  Zergling x2  
  109  9:43  Drone  
  107  9:48  Roach  
  107  9:49  Hydralisk, Baneling x2, Zergling x2  
  107  9:50  Zergling x2, Roach, Zerg Ground Armor Level 2, Baneling x2  
  107  9:52  Infestor  
  115  9:54  Zergling x2  
  115  9:55  Ravager, Queen  
  115  9:56  Ravager  
  115  9:57  Baneling x2  
  115  9:58  Queen  
  115  9:59  Drone, Overlord  
  120  10:01  Spore Crawler, Overseer  
  120  10:02  Baneling x2  
  120  10:04  Drone x2  
  120  10:06  Spore Crawler  
  118  10:07  Drone  
  118  10:08  Drone, Roach  
  118  10:11  Drone  
  114  10:14  Drone  
  114  10:15  Drone  
  114  10:16  Neural Parasite  
  114  10:18  Drone, Roach, Zergling x2  
  114  10:20  Spore Crawler  
  113  10:22  Zergling x2  
  113  10:26  Drone, Roach  
  106  10:32  Drone  
  93  10:36  Baneling, Infestor, Overseer  
  93  10:37  Hydralisk, Roach  
  93  10:38  Drone, Spine Crawler, Roach  
  87  10:44  Zergling x2  
  87  10:47  Baneling x2, Zergling x8  
  87  10:48  Zergling x2, Baneling  
  93  10:52  Lurker Den  
  93  10:55  Zergling x2  
  93  10:56  Hatchery  
  92  10:58  Zergling x2  
  92  10:59  Zergling x2  
  92  11:01  Ravager  
  92  11:02  Extractor  
  92  11:03  Baneling x2  
  94  11:04  Hydralisk  
  94  11:05  Drone, Zergling x2  
  94  11:07  Overseer, Zergling x2, Baneling x2  
  94  11:09  Overlord  
  92  11:16  Drone x3  
  92  11:17  Zergling x2  
  86  11:22  Zergling x2  
  80  11:28  Drone  
  71  11:32  Zergling x2  
  71  11:34  Drone, Roach, Zergling x2  
  67  11:40  Zergling x2  
  67  11:44  Drone, Roach, Zergling x2  
  66  11:51  Hydralisk  
  50  11:55  Zergling x2  
  50  11:56  Overseer  
  51  12:03  Roach x3  
  51  12:06  Zergling x2  
  31  12:18  Drone  
  13  12:26  Ravager, Zergling x2  
  9  12:37  Lurker Den  
  9  12:39  Drone  
  6  12:44  Zergling x2  
  6  12:54  Drone  
  6  12:56  Drone  
Show
View Real Time Build Order
Export as new Build Order

Infernox Terran - Winner!

Build Orders: Reaper Expand 

Get SALT Encoding   

  12  0:00  SCV  
  13  0:12  SCV  
  14  0:16  Supply Depot  
  14  0:24  SCV  
  15  0:38  SCV  
  15  0:39  Barracks  
  16  0:43  Refinery  
  16  0:50  SCV  
  17  1:02  SCV  
  18  1:14  SCV  
  19  1:26  Orbital Command  
  19  1:27  Reaper  
  20  1:38  Command Center  
  20  1:46  Supply Depot  
  20  1:52  SCV  
  21  1:58  Marine  
  22  2:03  Factory  
  22  2:06  SCV  
  23  2:16  Barracks  
  23  2:19  SCV  
  23  2:21  Barracks Reactor  
  24  2:31  SCV  
  25  2:43  SCV  
  26  2:48  Command Center  
  26  2:55  Orbital Command  
  26  2:59  SCV  
  26  3:02  Barracks Tech Lab  
  26  3:03  Barracks Reactor  
  27  3:12  SCV  
  30  3:13  Hellion  
  30  3:15  Hellion  
  32  3:20  Marine  
  32  3:22  SCV  
  32  3:25  SCV  
  32  3:26  Stimpack  
  35  3:34  SCV  
  36  3:37  Hellion x2  
  36  3:38  SCV  
  36  3:39  Marine x2  
  43  3:41  Marine  
  43  3:46  SCV  
  43  3:48  Supply Depot  
  45  3:51  SCV  
  46  3:59  Orbital Command, Marine x3  
  46  4:00  SCV  
  50  4:05  Supply Depot  
  50  4:06  SCV  
  50  4:08  Refinery  
  51  4:10  Refinery  
  51  4:13  SCV  
  54  4:17  Hellion  
  54  4:18  Hellion  
  54  4:23  Starport  
  56  4:24  SCV  
  56  4:25  SCV  
  56  4:27  SCV  
  56  4:30  Supply Depot  
  61  4:38  Marine x2, Hellion  
  61  4:39  Marine, Hellion  
  61  4:44  SCV x3  
  69  4:52  Supply Depot  
  69  4:56  SCV x3, Marine x2  
  69  4:57  Marine  
  75  5:04  Engineering Bay  
  75  5:05  Engineering Bay, Combat Shield  
  75  5:08  SCV x2  
  75  5:11  Medivac  
  75  5:12  Orbital Command  
  75  5:13  Medivac  
  81  5:15  Marine  
  81  5:16  Marine  
  81  5:19  Supply Depot  
  83  5:26  SCV x2  
  85  5:30  Terran Infantry Weapons Level 1, Terran Infantry Armor Level 1  
  85  5:32  Refinery  
  85  5:38  SCV x3  
  85  5:39  Factory Reactor, Marine x3  
  85  5:42  Supply Depot  
  91  5:50  Armory, SCV x3  
  94  5:59  Marine  
  94  6:00  Marine x2  
  94  6:02  SCV x3  
  100  6:09  Supply Depot x2, Medivac  
  102  6:11  Medivac  
  102  6:14  SCV x3  
  102  6:16  Marine  
  102  6:18  Marine  
  109  6:25  Barracks  
  109  6:26  Barracks  
  109  6:28  Barracks  
  109  6:29  Refinery  
  109  6:30  Widow Mine x2, Refinery, Marine  
  109  6:31  Supply Depot  
  114  6:34  Supply Depot  
  114  6:35  Marine x2  
  114  6:37  SCV x3  
  119  6:42  Medivac x2  
  123  6:49  SCV x2  
  123  6:52  SCV  
  123  6:53  Widow Mine x2  
  130  6:58  Marine  
  130  6:59  Marine x2  
  130  7:00  Terran Vehicle And Ship Armor Level 1  
  133  7:01  SCV x2  
  133  7:04  SCV  
  136  7:14  Factory  
  136  7:15  Widow Mine  
  138  7:16  Widow Mine, Marine, Command Center  
  138  7:18  Barracks Tech Lab  
  138  7:19  Barracks Reactor  
  138  7:20  Barracks Reactor  
  141  7:26  Supply Depot x2  
  141  7:31  Terran Infantry Weapons Level 2  
  141  7:33  Terran Infantry Armor Level 2  
  141  7:46  Marine  
  141  7:47  SCV x3, Marine  
  128  7:51  Marine x2  
  128  7:52  Widow Mine x2, Medivac x2  
  128  7:56  Marine x4  
  124  7:58  Factory Tech Lab  
  124  8:04  Supply Depot, Marine  
  124  8:05  Marine  
  113  8:06  Concussive Shells  
  113  8:07  Supply Depot, Starport  
  113  8:09  Marine x2  
  115  8:14  Widow Mine x2, Marine x2  
  115  8:16  Marine x2  
  115  8:18  Drilling Claws  
  123  8:22  Medivac x2, Marine  
  123  8:23  Marauder  
  123  8:25  Widow Mine  
  130  8:27  Marine x2  
  130  8:32  Marine x2  
  130  8:33  Barracks  
  130  8:34  Marine x2, Barracks x2  
  127  8:35  Widow Mine  
  127  8:40  Marine  
  132  8:42  Widow Mine  
  132  8:44  Starport Reactor  
  132  8:45  Marauder, Marine  
  132  8:46  Widow Mine  
  132  8:47  Refinery  
  133  8:52  Medivac  
  133  8:53  SCV x3  
  132  8:58  Marine x3  
  132  8:59  Marauder, Widow Mine, Marine  
  139  9:03  Widow Mine  
  139  9:05  SCV  
  139  9:06  Marauder, Marine x2  
  139  9:08  Widow Mine, SCV x2  
  149  9:12  Planetary Fortress  
  149  9:16  Marine x2  
  151  9:17  SCV  
  151  9:18  Marine x2  
  151  9:19  Medivac  
  151  9:20  Marauder, SCV x2  
  151  9:21  Widow Mine  
  162  9:25  Marine x2  
  162  9:26  Barracks Tech Lab  
  162  9:27  Marauder  
  162  9:29  Barracks Tech Lab x2  
  158  9:31  Medivac  
  158  9:36  Marine x2  
  158  9:37  SCV x3  
  161  9:40  Refinery  
  161  9:42  Marauder  
  161  9:45  Terran Vehicle And Ship Armor Level 2  
  162  9:49  Marauder  
  162  9:52  Terran Infantry Weapons Level 3, Marine x5  
  165  9:53  Marine  
  165  9:59  Marine x3  
  173  10:00  Terran Infantry Armor Level 3  
  173  10:02  Widow Mine  
  173  10:03  Marauder  
  177  10:10  Marauder, Marine  
  177  10:11  Marauder  
  182  10:14  Command Center  
  182  10:26  Supply Depot, Marine x2  
  182  10:27  Marauder x3, Marine x3  
  182  10:28  Widow Mine x3, Supply Depot, Marine  
  186  10:31  Marine  
  186  10:35  Marine  
  181  10:36  Medivac x2  
  181  10:39  Medivac  
  181  10:40  Medivac  
  187  10:44  Marine  
  187  10:47  Marine x3  
  187  10:48  Sensor Tower  
  187  10:49  Marauder x2  
  195  10:50  Sensor Tower  
  195  11:06  Medivac x2  
  197  11:22  Marine  
  197  11:23  Marauder, Marine  
  200  11:32  Refinery, Command Center  
  191  11:34  Marauder, Sensor Tower, Marine x2  
  191  11:35  Marauder, Thor, Command Center  
  197  11:42  Factory, Starport  
  197  11:44  Starport  
  197  11:46  Refinery  
  195  11:48  Factory  
  193  11:57  Marine x2  
  193  11:58  Marauder, Widow Mine, Marine  
  198  12:09  Marine x3  
  200  12:24  Planetary Fortress  
  193  12:38  Marine x3  
  193  12:39  Marauder x2  
  193  12:40  Refinery, Factory Tech Lab, Factory Reactor  
  193  12:41  Starport Tech Lab, Starport Reactor  
  193  12:43  Refinery  
  200  12:44  Fusion Core  
  200  12:46  Ghost Academy  
  200  12:55  Marine x2  
  200  12:57  Armory  
Tags
 
Add a new tag
Caveats
  • Supply blocks, unpowered buildings, or Contaminate may cause inaccurate times.
  • Supply counts are checked every 10 seconds.